 Dungeon Crawl Stone Soup version 0.22-a0-614-g34fbaa0 (webtiles) character file.

22 zishaf the Shield-Bearer (level 2, 0/27 HPs)
             Began as a Minotaur Fighter on July 20, 2018.
             Slain by a gnoll
             ... wielding a +0 spear
              (4 damage)
             ... on level 2 of the Dungeon.
             The game lasted 00:01:42 (894 turns).

zishaf the Shield-Bearer (Minotaur Fighter)          Turns: 894, Time: 00:01:44

Health: 0/27       AC:  7    Str: 20    XL:     2   Next: 68%
Magic:  1/1        EV:  7    Int:  5    God:
Gold:   87         SH:  9    Dex:  9    Spells: 1/1 levels left

rFire    . . .     SeeInvis +   a - +0 war axe
rCold    . . .     Gourm    .   c - +0 shield
rNeg     . . .     Faith    .   b - +0 scale mail
rPois    .         Spirit   .   (helmet restricted)
rElec    .         Reflect  .   (no cloak)
rCorr    .         Harm     .   (no gloves)
MR       .....                  (no boots)
Stlth    ..........             (no amulet)
HPRegen  0.09/turn              (no ring)
MPRegen  0.07/turn              n - ring of see invisible

@: no status effects
A: retaliatory headbutt, horns 2
a: no special abilities


You were on level 2 of the Dungeon.
You were not hungry.

You visited 1 branch of the dungeon, and saw 2 of its levels.

You collected 87 gold pieces.

Inventory:

Hand Weapons
 a - a +0 war axe (weapon)
Armour
 b - a +0 scale mail (worn)
 c - a +0 shield (worn)
Jewellery
 m - an uncursed ring of fire
 n - a ring of see invisible (right hand)
Scrolls
 e - 2 scrolls of identify {unknown}
 h - 2 scrolls of magic mapping {unknown}
 i - a scroll of amnesia {unknown}
 l - 2 scrolls of teleportation {unknown}
 o - 3 scrolls of blinking {unknown}
Potions
 d - a potion of might
 j - a potion of magic {unknown}
 k - a potion of berserk rage {unknown}
Comestibles
 f - 2 rations
 g - a chunk of flesh


   Skills:
 + Level 3.9 Fighting
 * Level 3.0 Axes
 - Level 4.0 Armour
 - Level 4.0 Shields


You had one spell level left.
You didn't know any spells.
Your spell library was empty.

Dungeon Overview and Level Annotations

Branches:
Dungeon (2/15)

Altars:


Innate Abilities, Weirdness & Mutations

You reflexively headbutt those who attack you in melee.
You have a pair of horns on your head.


Message History

The rat bites you but does no damage. You block the gnoll's attack.
You hit the gnoll.
The gnoll is heavily wounded.
You barely miss the gnoll. You slash the rat!
You kill the rat!
The gnoll barely misses you. The gnoll hits you but does no damage.
You block the gnoll's attack. x2
You hit the gnoll.
The gnoll is severely wounded.
You hit the gnoll. You block the gnoll's attack. x2
The gnoll hits you from afar with a spear.
You are too injured to fight recklessly!
You hit the gnoll. You headbutt the gnoll.
The gnoll is severely wounded.
You hit the gnoll. You closely miss the gnoll. The gnoll completely misses you.
You block the gnoll's attack. The gnoll hits you with a spear.
You block the gnoll's attack. x2; The gnoll hits you.
* * * LOW HITPOINT WARNING * * *
The gnoll hits you with a spear.
You die...

## # .#..
########...
#..(....#
#.......##
#..<..@g.#
#...?.gg.....[
#......g#.###.
...##.####..#
.... #.# .##
.... #.. ##
... ..r ...
#..


You could see 4 gnolls.

Vanquished Creatures
  2 bats (D:1)
  3 giant cockroaches (D:1)
  A hobgoblin (D:1)
  2 kobolds (D:1)
  5 frilled lizards (D:1)
  4 goblins (D:1)
  5 rats
22 creatures vanquished.

Notes
Turn   | Place    | Note
-------+----------+-------------------------------------------
     0 | D:1      | zishaf the Minotaur Fighter began the quest for the Orb.
     0 | D:1      | Reached XP level 1. HP: 19/19 MP: 0/0
   340 | D:1      | Reached XP level 2. HP: 27/27 MP: 1/1
   894 | D:2      | Slain by a gnoll

Vault maps used:
D:1:      kennysheep_arrival_forest, corexii_item_surrounded_by_moat
D:2:      serial_forest, infiniplex_forest_clump_double,
          infiniplex_forest_end_3, infiniplex_forest_join,
          infiniplex_forest_straight_4, infiniplex_forest_lined_room_,
          first_ration

Skill      XL: |  1  2 |
---------------+-------+-----
Shields        | 4 |  4.0
Armour         | 4 |  4.0
Axes           | 3 |  3.0
Fighting       | |  3.9

Action                   || total
-------------------------++-------
Melee: War axe           ||    57
       Headbutt          ||     8
Armor: Scale mail        ||    25
Dodge: Dodged            ||    18
Block: Shield            ||    42

Table legend:
 A = Spawn XP
 B = Non-spawn XP
 C = Spawn XP percentage of total XP
 D = Spawn monster count
 E = Non-spawn monster count
 F = Spawn count percentage of total count
 G = Total turns spent on level
                    A         B        C        D         E        F      G
               +---------+---------+-------+---------+---------+-------+---------
         Total |       0 |      32 |   0.0 |       0 |      22 |   0.0 |   894
               +---------+---------+-------+---------+---------+-------+---------
           D:1 |       0 |      31 |   0.0 |       0 |      21 |   0.0 |   885
           D:2 |       0 |       1 |   0.0 |       0 |       1 |   0.0 |     9
               +---------+---------+-------+---------+---------+-------+---------
